Hartford Whalers vs Montreal Canadiens

Created - Saturday, October 18, 2025 at 08:30

Goals
1 2 3 T
Hartford Whalers 2 1 0 3
Montreal Canadiens 1 2 1 4
Shots
1 2 3 T
Hartford Whalers 20 11 4 35
Montreal Canadiens 10 12 8 30

1st period

1. Hartford Whalers , Matthew Coronato 12 (Anders Lee 16, Braden Schneider 12) at 5:56
2. Montreal Canadiens , Evgeni Dadonov 9 (Teddy Blueger 10) at 7:12
3. Hartford Whalers , Nick Suzuki 27 (Devon Toews 6, Braden Schneider 13) at 14:45

Penalties :
No Penalty

2nd period

4. Montreal Canadiens , Arttu Hyry 2 (Damon Severson 13) at 6:57
5. Montreal Canadiens , Martin Necas 31 (Lane Hutson 26, Macklin Celebrini 37) at 12:59 (PP)
6. Hartford Whalers , Anthony Cirelli 15 (Nick Suzuki 41, Dylan Guenther 36) at 18:21

Penalties :
Dylan Larkin (MTL) for Cross-checking (Minor) at 9:16, Kaiden Guhle (HFD) for Interference (Minor) at 12:37, Damon Severson (MTL) for High sticking (Double Minor) at 18:45

3rd period

7. Montreal Canadiens , Juraj Slafkovsky 12 (Damon Severson 14, Jeff Petry 8) at 6:18

Penalties :
Ilya Lyubushkin (MTL) for Holding (Minor) at 3:33, Ilya Lyubushkin (MTL) for Tripping (Minor) at 8:15, Simon Edvinsson (HFD) for Hooking (Minor) at 12:10

Goalie Stats

Samuel Montembeault (HFD), 26 saves from 30 shots - (0.867), L, 22-21-4, 58:45 minutes
Stuart Skinner (MTL), 32 saves from 35 shots - (0.914), W, 25-16-4, 60:00 minutes

Players Stats for Hartford Whalers

Player Name              G  A  P  +/- PIM S  H  SB GA TA FO     MP     PP MP  PK MP  
------------------------------------------------------------------------------------
Anders Lee               0  1  1   0  0   0  1  1  2  1  0/0    12:06   0:21   1:00 
Anthony Cirelli          1  0  1   2  0   1  3  1  0  1  0/0    16:16   0:21   1:21 
Braden Schneider         0  2  2   0  0   1  0  1  0  1  0/0    14:16   0:21   0:00 
Devon Toews              0  1  1   0  0   2  1  0  0  1  0/0    20:04   4:57   0:59 
Dylan Guenther           0  1  1   2  0   3  0  0  1  0  0/0    14:55   4:09   0:00 
Jonathan Drouin          0  0  0  -2  0   8  1  1  0  0  0/0    18:57   4:59   0:00 
Jordan Kyrou             0  0  0   0  0   7  2  0  1  0  0/0    17:13   4:30   0:00 
Joshua Norris            0  0  0  -2  0   4  0  0  2  0  7/14   17:59   4:49   1:18 
Kaapo Kakko              0  0  0   0  0   0  3  1  1  0  0/1     8:35   0:18   0:00 
Kaiden Guhle             0  0  0   0  2   0  1  6  0  0  0/0    13:41   0:00   1:00 
Matthew Coronato         1  0  1   0  0   3  0  0  0  0  0/3    13:07   4:53   0:03 
Nick Suzuki              1  1  2   2  0   2  1  0  1  1  6/16   20:37   5:08   0:38 
Pierre-Luc Dubois        0  0  0   0  0   0  2  1  2  0  1/1    18:21   4:47   0:22 
Seth Jones               0  0  0   0  0   1  1  4  0  0  0/0    26:11   4:59   1:22 
Sidney Crosby            0  0  0   0  0   2  1  0  0  0  14/18  18:56   5:08   0:00 
Simon Edvinsson          0  0  0   0  2   0  1  3  0  2  0/0    17:39   0:00   0:00 
Tyson Foerster           0  0  0  -2  0   0  2  0  0  0  0/3    12:09   0:00   0:00 
Vladislav Gavrikov       0  0  0   0  0   1  0  1  0  1  0/0    16:35   0:00   1:21 

Players Stats for Montreal Canadiens

Player Name              G  A  P  +/- PIM S  H  SB GA TA FO     MP     PP MP  PK MP  
------------------------------------------------------------------------------------
Arttu Hyry               1  0  1   2  0   1  0  0  0  0  0/0     8:15   0:00   0:00 
Brad Marchand            0  0  0   0  0   2  2  0  2  1  0/1    14:35   1:20   0:00 
Brady Skjei              0  0  0   0  0   2  2  2  0  2  0/0    24:46   0:55   5:28 
Damon Severson           0  2  2   1  4   1  2  1  0  0  0/0    15:57   0:55   0:00 
Drew O'Connor            0  0  0   0  0   4  1  1  0  0  0/0    17:09   0:00   4:45 
Dylan Larkin             0  0  0  -2  2   2  1  0  0  0  9/15   14:32   1:01   0:00 
Evgeni Dadonov           1  0  1   2  0   2  0  0  1  0  0/0     9:10   0:00   0:19 
Ian Mitchell             0  0  0  -1  0   2  0  0  1  0  0/0    16:06   0:00   1:46 
Ilya Lyubushkin          0  0  0  -1  4   0  1  2  0  1  0/0    17:35   0:00   3:12 
Jake Evans               0  0  0  -2  0   1  3  1  0  0  2/2    19:14   0:00   4:52 
Jeff Petry               0  1  1   1  0   1  3  6  0  0  0/0    21:30   1:26   4:28 
Juraj Slafkovsky         1  0  1   0  0   1  2  0  1  0  0/0    14:20   1:01   0:00 
Lane Hutson              0  1  1   0  0   3  0  1  0  2  0/0    24:49   1:26   4:58 
Macklin Celebrini        0  1  1   0  0   3  1  0  0  1  8/13   14:37   1:20   0:00 
Martin Necas             1  0  1  -2  0   3  0  0  2  1  0/2    15:24   1:20   0:19 
Patrik Laine             0  0  0   0  0   1  0  0  0  1  0/2    11:54   1:01   0:00 
Ryan Poehling            0  0  0   0  0   1  0  0  0  0  8/15   17:18   0:00   4:52 
Teddy Blueger            0  1  1   2  0   0  0  0  1  1  1/6    12:49   0:00   4:45 

3 Stars

1 - Nick Suzuki (HFD)
2 - Anthony Cirelli (HFD)
3 - Evgeni Dadonov (MTL)

Power Play

Hartford Whalers - 0 on 5 Attempt(s) - 0.00%
Montreal Canadiens - 1 on 2 Attempt(s) - 50.00%

Penalty Kill

Hartford Whalers - 1 on 2 Attempt(s) - 50.00% - Score 0 goal in Penalty Kill
Montreal Canadiens - 5 on 5 Attempt(s) - 100.00% - Score 0 goal in Penalty Kill

Team Stat

Hartford Whalers - Hits : 20 - Faceoff Wins : 28 - Blocked Shots : 20 - Penalty Minutes : 4
Montreal Canadiens - Hits : 18 - Faceoff Wins : 28 - Blocked Shots : 14 - Penalty Minutes : 10

Official

Referees : Furman South and Gord Dwyer
Linesman : Travis Gawryletz and Joseph Mahon

Game Notes

18:57 of 2nd period - Hartford Whalers goal is going for a video replay. After video review, No Goal. The puck has been directed, batted or thrown into the net by an attacking player other than with a stick.
Dylan Guenther is injured at 6:41 of 3rd period (Bruised Right Leg)

Finance

Level 1 -- Attendance: 6000 (100.00%) -- Ticket Income $558,000
Level 2 -- Attendance: 4282 (85.64%) -- Ticket Income $226,946
Level 3 -- Attendance: 2894 (96.47%) -- Ticket Income $92,608
Level 4 -- Attendance: 4433 (88.66%) -- Ticket Income $97,526
Luxury Box -- Attendance: 787 (78.70%) -- Ticket Income $153,465
Game was played at the Bell Centre.
Total Attendance: 18396 (91.98%)
Total Ticket Income: $1,128,545
Other Income: $394,991
Total Income: $1,523,536

Hartford Whalers

5 vs 5 Forward 
   Center                   Left Wing                Right Wing               Time % Phy DF OF 
 1 Nick Suzuki              Dylan Guenther           Anthony Cirelli          30     1   1  3  
 2 Sidney Crosby            Pierre-Luc Dubois        Jordan Kyrou             30     1   1  3  
 3 Joshua Norris            Jonathan Drouin          Tyson Foerster           25     1   1  3  
 4 Matthew Coronato         Anders Lee               Kaapo Kakko              15     1   3  1  

5 vs 5 Defense 
   Defense                  Defense                                           Time % Phy DF OF 
 1 Vladislav Gavrikov       Seth Jones                                        30     1   2  2  
 2 Devon Toews              Braden Schneider                                  30     1   2  2  
 3 Kaiden Guhle             Simon Edvinsson                                   25     1   2  2  
 4 Simon Edvinsson          Seth Jones                                        15     1   2  2  

PowerPlay Forward 
   Center                   Left Wing                Right Wing               Time % Phy DF OF 
 1 Sidney Crosby            Dylan Guenther           Nick Suzuki              50     0   1  4  
 2 Joshua Norris            Pierre-Luc Dubois        Jordan Kyrou             50     0   1  4  

PowerPlay Defense
   Defense                  Defense                                           Time % Phy DF OF 
 1 Jonathan Drouin          Seth Jones                                        50     1   2  2  
 2 Matthew Coronato         Devon Toews                                       50     1   2  2  

Penalty Kill 4 Players Forward 
   Center                   Wing                     Time % Phy DF OF 
 1 Nick Suzuki              Anders Lee               50     1   2  2  
 2 Joshua Norris            Anthony Cirelli          50     1   2  2  

Penalty Kill 4 Players Defense
   Defense                  Defense                  Time % Phy DF OF 
 1 Kaiden Guhle             Seth Jones               50     1   2  2  
 2 Vladislav Gavrikov       Devon Toews              50     1   2  2  

Penalty Kill - 3 Players Forward 
   Forward                                           Time % Phy DF OF 
 1 Joshua Norris                                     50     1   2  2  
 2 Anthony Cirelli                                   50     1   2  2  

Penalty Kill - 3 Players Defense
   Defense                  Defense                  Time % Phy DF OF 
 1 Vladislav Gavrikov       Seth Jones               50     1   2  2  
 2 Kaiden Guhle             Braden Schneider         50     1   2  2  

4 vs 4 Forward 
   Center                   Wing                     Time % Phy DF OF 
 1 Sidney Crosby            Nick Suzuki              50     0   1  4  
 2 Joshua Norris            Jordan Kyrou             50     0   2  3  

4 vs 4 Defense
   Defense                  Defense                  Time % Phy DF OF 
 1 Devon Toews              Seth Jones               50     1   2  2  
 2 Vladislav Gavrikov       Braden Schneider         50     1   2  2  

Last Minutes Offensive
   Center                   Left Wing                Right Wing               Defense                  Defense                  
   Sidney Crosby            Dylan Guenther           Nick Suzuki              Jonathan Drouin          Braden Schneider         

Last Minutes Defensive
   Center                   Left Wing                Right Wing               Defense                  Defense                  
   Anthony Cirelli          Joshua Norris            Anders Lee               Kaiden Guhle             Seth Jones               

Goaltenders
Starting : Samuel Montembeault      
Backup : Spencer Knight           

Extra Forwards
Normal : Dylan Guenther, Anders Lee, Jonathan Drouin - PP : Sidney Crosby, Dylan Guenther - PK : Anders Lee
Extra Defensemen
Normal : Braden Schneider, Kaiden Guhle, Vladislav Gavrikov - PP : Braden Schneider - PK : Kaiden Guhle, Vladislav Gavrikov
Penalty Shots
Nick Suzuki, Sidney Crosby, Pierre-Luc Dubois, Joshua Norris, Kaapo Kakko

Scratches
Chaz Lucius (Healthy), Filip Mesar (Healthy), Dylan Garand (Healthy)

Montreal Canadiens

5 vs 5 Forward 
   Center                   Left Wing                Right Wing               Time % Phy DF OF 
 1 Dylan Larkin             Martin Necas             Jake Evans               30     0   0  5  
 2 Macklin Celebrini        Juraj Slafkovsky         Brad Marchand            30     0   0  5  
 3 Ryan Poehling            Drew O'Connor            Patrik Laine             25     1   4  0  
 4 Teddy Blueger            Evgeni Dadonov           Arttu Hyry               15     1   4  0  

5 vs 5 Defense 
   Defense                  Defense                                           Time % Phy DF OF 
 1 Brady Skjei              Lane Hutson                                       35     1   4  0  
 2 Jeff Petry               Damon Severson                                    35     1   4  0  
 3 Ilya Lyubushkin          Ian Mitchell                                      30     1   4  0  
 4 Brady Skjei              Lane Hutson                                       0      0   5  0  

PowerPlay Forward 
   Center                   Left Wing                Right Wing               Time % Phy DF OF 
 1 Macklin Celebrini        Brad Marchand            Martin Necas             50     0   0  5  
 2 Dylan Larkin             Juraj Slafkovsky         Patrik Laine             50     0   0  5  

PowerPlay Defense
   Defense                  Defense                                           Time % Phy DF OF 
 1 Lane Hutson              Jeff Petry                                        50     0   0  5  
 2 Brady Skjei              Damon Severson                                    50     0   0  5  

Penalty Kill 4 Players Forward 
   Center                   Wing                     Time % Phy DF OF 
 1 Ryan Poehling            Jake Evans               50     0   5  0  
 2 Teddy Blueger            Drew O'Connor            50     0   5  0  

Penalty Kill 4 Players Defense
   Defense                  Defense                  Time % Phy DF OF 
 1 Brady Skjei              Ilya Lyubushkin          50     0   5  0  
 2 Lane Hutson              Jeff Petry               50     0   5  0  

Penalty Kill - 3 Players Forward 
   Forward                                           Time % Phy DF OF 
 1 Jake Evans                                        50     0   5  0  
 2 Ryan Poehling                                     50     0   5  0  

Penalty Kill - 3 Players Defense
   Defense                  Defense                  Time % Phy DF OF 
 1 Brady Skjei              Ilya Lyubushkin          50     0   5  0  
 2 Lane Hutson              Jeff Petry               50     0   5  0  

4 vs 4 Forward 
   Center                   Wing                     Time % Phy DF OF 
 1 Dylan Larkin             Martin Necas             50     0   3  2  
 2 Macklin Celebrini        Brad Marchand            50     0   3  2  

4 vs 4 Defense
   Defense                  Defense                  Time % Phy DF OF 
 1 Lane Hutson              Jeff Petry               50     0   3  2  
 2 Brady Skjei              Damon Severson           50     0   3  2  

Last Minutes Offensive
   Center                   Left Wing                Right Wing               Defense                  Defense                  
   Dylan Larkin             Brad Marchand            Martin Necas             Lane Hutson              Jeff Petry               

Last Minutes Defensive
   Center                   Left Wing                Right Wing               Defense                  Defense                  
   Jake Evans               Ryan Poehling            Drew O'Connor            Brady Skjei              Jeff Petry               

Goaltenders
Starting : Stuart Skinner           
Backup : Pyotr Kochetkov          

Extra Forwards
Normal : Macklin Celebrini, Dylan Larkin, Martin Necas - PP : Dylan Larkin, Macklin Celebrini - PK : Martin Necas
Extra Defensemen
Normal : Lane Hutson, Brady Skjei, Jeff Petry - PP : Lane Hutson - PK : Brady Skjei, Lane Hutson
Penalty Shots
Patrik Laine, Teddy Blueger, Ryan Poehling, Dylan Larkin, Arttu Hyry

Scratches
Adam Fox (Healthy), David Rittich (Healthy)

% Time on Ice - Hartford Whalers

Lines # - Real PCT - Wanted PCT - Time Play
Normal Forward
1 - 29% - 30% - 13:21
2 - 30% - 30% - 13:56
3 - 26% - 25% - 12:09
4 - 16% - 15% - 7:14
Normal Defense
1 - 31% - 30% - 14:18
2 - 30% - 30% - 14:08
3 - 27% - 25% - 12:42
4 - 12% - 15% - 5:32
PP Forward
1 - 55% - 50% - 5:26
2 - 45% - 50% - 4:30
PP Defense
1 - 50% - 50% - 4:59
2 - 50% - 50% - 4:57
PK Forward
1 - 43% - 50% - 1:00
2 - 57% - 50% - 1:21
PK Defense
1 - 58% - 50% - 1:22
2 - 42% - 50% - 0:59
PK3 Forward
1 - 0% - 50%
2 - 0% - 50%
PK3 Defense
1 - 0% - 50%
2 - 0% - 50%
44 Forward
1 - 0% - 50%
2 - 0% - 50%
44 Defense
1 - 0% - 50%
2 - 0% - 50%
Last Minute Offensive  - 1:03
Last Minute Defensive  - 0:00
Total
Forward - 60:00
Defense - 60:00

% Time on Ice - Montreal Canadiens

Lines # - Real PCT - Wanted PCT - Time Play
Normal Forward
1 - 29% - 30% - 13:21
2 - 31% - 30% - 14:38
3 - 24% - 25% - 11:00
4 - 16% - 15% - 7:42
Normal Defense
1 - 34% - 35% - 15:42
2 - 33% - 35% - 15:37
3 - 29% - 30% - 13:44
4 - 3% - 0% - 1:38
PP Forward
1 - 57% - 50% - 1:20
2 - 43% - 50% - 1:01
PP Defense
1 - 61% - 50% - 1:26
2 - 39% - 50% - 0:55
PK Forward
1 - 50% - 50% - 5:00
2 - 50% - 50% - 4:56
PK Defense
1 - 55% - 50% - 5:28
2 - 45% - 50% - 4:28
PK3 Forward
1 - 0% - 50%
2 - 0% - 50%
PK3 Defense
1 - 0% - 50%
2 - 0% - 50%
44 Forward
1 - 0% - 50%
2 - 0% - 50%
44 Defense
1 - 0% - 50%
2 - 0% - 50%
Last Minute Offensive  - 0:00
Last Minute Defensive  - 1:02
Total
Forward - 60:00
Defense - 60:00

Play-by-Play

1st period


0:01 of 1st period - Dylan Larkin wins face-off versus Nick Suzuki in neutral zone.
0:04 of 1st period - Snap shot by Martin Necas.
0:04 of 1st period - Stopped by Samuel Montembeault without a rebound.
0:05 of 1st period - Jake Evans wins face-off versus Nick Suzuki in Hartford Whalers zone.
0:16 of 1st period - Snap shot by Dylan Larkin.
0:16 of 1st period - Shot Blocked by Seth Jones.
1:08 of 1st period - Snap shot by Jordan Kyrou.
1:08 of 1st period - Stopped by Stuart Skinner without a rebound.
1:09 of 1st period - Joshua Norris wins face-off versus Ryan Poehling in Montreal Canadiens zone.
1:20 of 1st period - Slapshot by Jonathan Drouin.
1:20 of 1st period - Shot Blocked by Jeff Petry.
2:03 of 1st period - Wrist shot by Evgeni Dadonov.
2:03 of 1st period - Shot Misses the Net.
2:05 of 1st period - Snap shot by Evgeni Dadonov.
2:05 of 1st period - Shot Misses the Net.
2:07 of 1st period - Wrist shot by Damon Severson.
2:07 of 1st period - Shot Blocked by Anthony Cirelli.
2:09 of 1st period - Slapshot by Damon Severson.
2:09 of 1st period - Shot Blocked by Braden Schneider.
2:36 of 1st period - Snap shot by Jordan Kyrou.
2:36 of 1st period - Stopped by Stuart Skinner with a rebound.
3:53 of 1st period - Slapshot by Jonathan Drouin.
3:53 of 1st period - Stopped by Stuart Skinner with a rebound.
4:48 of 1st period - Wrist shot by Dylan Larkin.
4:48 of 1st period - Stopped by Samuel Montembeault with a rebound.
5:01 of 1st period - Braden Schneider is hit by Jake Evans and loses puck.
5:38 of 1st period - Slapshot by Macklin Celebrini.
5:38 of 1st period - Shot Hit the Post.
5:40 of 1st period - Snap shot by Macklin Celebrini.
5:40 of 1st period - Stopped by Samuel Montembeault with a rebound.
5:42 of 1st period - Wrist shot by Macklin Celebrini.
5:42 of 1st period - Shot Misses the Net.
5:56 of 1st period - Slapshot by Matthew Coronato.
5:56 of 1st period - Goal by Matthew Coronato - Hartford Whalers : 1 - Montreal Canadiens : 0.
5:57 of 1st period - Jake Evans wins face-off versus Joshua Norris in neutral zone.
6:29 of 1st period - Jeff Petry is hit by Jordan Kyrou and loses puck.
6:44 of 1st period - Brady Skjei is hit by Simon Edvinsson and loses puck.
6:49 of 1st period - Slapshot by Dylan Guenther.
6:49 of 1st period - Shot Blocked by Brady Skjei.
7:12 of 1st period - Snap shot by Evgeni Dadonov.
7:12 of 1st period - Goal by Evgeni Dadonov - Hartford Whalers : 1 - Montreal Canadiens : 1.
7:13 of 1st period - Sidney Crosby wins face-off versus Dylan Larkin in neutral zone.
7:30 of 1st period - Snap shot by Sidney Crosby.
7:30 of 1st period - Stopped by Stuart Skinner with a rebound.
7:37 of 1st period - Icing by Dylan Larkin.
7:38 of 1st period - Nick Suzuki wins face-off versus Dylan Larkin in Montreal Canadiens zone.
7:43 of 1st period - Wrist shot by Dylan Guenther.
7:43 of 1st period - Shot Misses the Net.
7:45 of 1st period - Slapshot by Vladislav Gavrikov.
7:45 of 1st period - Stopped by Stuart Skinner with a rebound.
7:47 of 1st period - Snap shot by Vladislav Gavrikov.
7:47 of 1st period - Shot Blocked by Jake Evans.
8:05 of 1st period - Jake Evans is hit by Nick Suzuki and loses puck.
8:40 of 1st period - Slapshot by Matthew Coronato.
8:40 of 1st period - Stopped by Stuart Skinner with a rebound.
8:42 of 1st period - Wrist shot by Kaapo Kakko.
8:42 of 1st period - Shot Blocked by Drew O'Connor.
10:01 of 1st period - Snap shot by Jonathan Drouin.
10:01 of 1st period - Stopped by Stuart Skinner without a rebound.
10:02 of 1st period - Teddy Blueger wins face-off versus Joshua Norris in Montreal Canadiens zone.
10:18 of 1st period - Wrist shot by Jonathan Drouin.
10:18 of 1st period - Stopped by Stuart Skinner with a rebound.
10:34 of 1st period - Wrist shot by Juraj Slafkovsky.
10:34 of 1st period - Deflect By Brad Marchand.
10:34 of 1st period - Stopped by Samuel Montembeault without a rebound.
10:35 of 1st period - Macklin Celebrini wins face-off versus Nick Suzuki in Hartford Whalers zone.
10:38 of 1st period - Snap shot by Macklin Celebrini.
10:38 of 1st period - Shot Blocked by Kaiden Guhle.
10:44 of 1st period - Ilya Lyubushkin is hit by Kaiden Guhle and loses puck.
11:09 of 1st period - Kaapo Kakko is hit by Drew O'Connor and loses puck.
11:26 of 1st period - Backhand shot by Jonathan Drouin.
11:26 of 1st period - Stopped by Stuart Skinner with a rebound.
11:28 of 1st period - Snap shot by Joshua Norris.
11:28 of 1st period - Stopped by Stuart Skinner without a rebound.
11:29 of 1st period - Joshua Norris wins face-off versus Dylan Larkin in Montreal Canadiens zone.
11:34 of 1st period - Snap shot by Joshua Norris.
11:34 of 1st period - Shot Blocked by Jeff Petry.
11:36 of 1st period - Snap shot by Tyson Foerster.
11:36 of 1st period - Shot Misses the Net.
11:38 of 1st period - Snap shot by Tyson Foerster.
11:38 of 1st period - Shot Blocked by Damon Severson.
11:40 of 1st period - Slapshot by Seth Jones.
11:40 of 1st period - Shot Misses the Net.
11:42 of 1st period - Wrist shot by Seth Jones.
11:42 of 1st period - Stopped by Stuart Skinner with a rebound.
11:44 of 1st period - Slapshot by Seth Jones.
11:44 of 1st period - Shot Misses the Net.
12:39 of 1st period - Wrist shot by Evgeni Dadonov.
12:39 of 1st period - Shot Misses the Net.
12:41 of 1st period - Wrist shot by Teddy Blueger.
12:41 of 1st period - Deflect By Arttu Hyry.
12:41 of 1st period - Shot Misses the Net.
12:41 of 1st period - Puck is out of play.
12:42 of 1st period - Sidney Crosby wins face-off versus Teddy Blueger in Hartford Whalers zone.
13:29 of 1st period - Off-side.
13:30 of 1st period - Macklin Celebrini wins face-off versus Joshua Norris in neutral zone.
13:55 of 1st period - Wrist shot by Martin Necas.
13:55 of 1st period - Shot Blocked by Seth Jones.
14:20 of 1st period - Snap shot by Ryan Poehling.
14:20 of 1st period - Shot Misses the Net.
14:22 of 1st period - Snap shot by Drew O'Connor.
14:22 of 1st period - Stopped by Samuel Montembeault without a rebound.
14:23 of 1st period - Nick Suzuki wins face-off versus Macklin Celebrini in Hartford Whalers zone.
14:30 of 1st period - Snap shot by Nick Suzuki.
14:30 of 1st period - Deflect By Dylan Guenther.
14:30 of 1st period - Stopped by Stuart Skinner without a rebound.
14:31 of 1st period - Macklin Celebrini wins face-off versus Nick Suzuki in Montreal Canadiens zone.
14:31 of 1st period - Macklin Celebrini is hit by Anthony Cirelli.
14:39 of 1st period - Wrist shot by Nick Suzuki.
14:39 of 1st period - Shot Blocked by Ilya Lyubushkin.
14:41 of 1st period - Slapshot by Braden Schneider.
14:41 of 1st period - Shot Blocked by Ilya Lyubushkin.
14:43 of 1st period - Slapshot by Devon Toews.
14:43 of 1st period - Stopped by Stuart Skinner with a rebound.
14:45 of 1st period - Wrist shot by Nick Suzuki.
14:45 of 1st period - Goal by Nick Suzuki - Hartford Whalers : 2 - Montreal Canadiens : 1.
14:46 of 1st period - Sidney Crosby wins face-off versus Martin Necas in neutral zone.
14:49 of 1st period - Snap shot by Jordan Kyrou.
14:49 of 1st period - Stopped by Stuart Skinner with a rebound.
15:17 of 1st period - Snap shot by Drew O'Connor.
15:17 of 1st period - Stopped by Samuel Montembeault without a rebound.
15:18 of 1st period - Ryan Poehling wins face-off versus Tyson Foerster in Hartford Whalers zone.
15:24 of 1st period - Icing by Braden Schneider.
15:25 of 1st period - Ryan Poehling wins face-off versus Tyson Foerster in Hartford Whalers zone.
15:54 of 1st period - Snap shot by Patrik Laine.
15:54 of 1st period - Shot Hit the Post.
16:08 of 1st period - Wrist shot by Drew O'Connor.
16:08 of 1st period - Shot Misses the Net.
16:20 of 1st period - Wrist shot by Jonathan Drouin.
16:20 of 1st period - Stopped by Stuart Skinner with a rebound.
16:22 of 1st period - Wrist shot by Devon Toews.
16:22 of 1st period - Stopped by Stuart Skinner without a rebound.
16:23 of 1st period - Sidney Crosby wins face-off versus Dylan Larkin in Montreal Canadiens zone.
16:32 of 1st period - Snap shot by Dylan Larkin.
16:32 of 1st period - Shot Misses the Net.
17:52 of 1st period - Nick Suzuki is hit by Brady Skjei and loses puck.
18:09 of 1st period - Tyson Foerster is hit by Ilya Lyubushkin and loses puck.
18:23 of 1st period - Snap shot by Patrik Laine.
18:23 of 1st period - Deflect By Ryan Poehling.
18:23 of 1st period - Shot Blocked by Simon Edvinsson.
18:23 of 1st period - Puck is out of play.
18:24 of 1st period - Ryan Poehling wins face-off versus Matthew Coronato in Hartford Whalers zone.
18:25 of 1st period - Snap shot by Patrik Laine.
18:25 of 1st period - Stopped by Samuel Montembeault without a rebound.
18:26 of 1st period - Macklin Celebrini wins face-off versus Matthew Coronato in Hartford Whalers zone.
18:29 of 1st period - Slapshot by Brad Marchand.
18:29 of 1st period - Stopped by Samuel Montembeault without a rebound.
18:30 of 1st period - Macklin Celebrini wins face-off versus Sidney Crosby in Hartford Whalers zone.
18:39 of 1st period - Snap shot by Pierre-Luc Dubois.
18:39 of 1st period - Shot Misses the Net.
19:01 of 1st period - Snap shot by Dylan Guenther.
19:01 of 1st period - Shot Misses the Net.
19:03 of 1st period - Snap shot by Dylan Guenther.
19:03 of 1st period - Stopped by Stuart Skinner with a rebound.
19:05 of 1st period - Wrist shot by Dylan Guenther.
19:05 of 1st period - Shot Blocked by Jeff Petry.
19:07 of 1st period - Slapshot by Nick Suzuki.
19:07 of 1st period - Stopped by Stuart Skinner without a rebound.
19:08 of 1st period - Macklin Celebrini wins face-off versus Kaapo Kakko in Montreal Canadiens zone.
19:13 of 1st period - Anders Lee is hit by Macklin Celebrini and loses puck.
19:20 of 1st period - Backhand shot by Brad Marchand.
19:20 of 1st period - Shot Blocked by Simon Edvinsson.
19:22 of 1st period - Slapshot by Brady Skjei.
19:22 of 1st period - Stopped by Samuel Montembeault with a rebound.
19:34 of 1st period - Jake Evans is hit by Anthony Cirelli and loses puck.
19:59 of 1st period - Wrist shot by Patrik Laine.
19:59 of 1st period - Shot Misses the Net.
Goals for this period are 2 for Hartford Whalers vs 1 for Montreal Canadiens.
Shots for this period are 20 for Hartford Whalers vs 10 for Montreal Canadiens.

2nd period


0:01 of 2nd period - Dylan Larkin wins face-off versus Sidney Crosby in neutral zone.
0:26 of 2nd period - Snap shot by Macklin Celebrini.
0:26 of 2nd period - Shot Blocked by Kaiden Guhle.
1:10 of 2nd period - Evgeni Dadonov is hit by Kaapo Kakko and loses puck.
1:51 of 2nd period - Snap shot by Jonathan Drouin.
1:51 of 2nd period - Stopped by Stuart Skinner with a rebound.
1:59 of 2nd period - Snap shot by Arttu Hyry.
1:59 of 2nd period - Shot Misses the Net.
2:01 of 2nd period - Snap shot by Teddy Blueger.
2:01 of 2nd period - Shot Blocked by Simon Edvinsson.
2:13 of 2nd period - Snap shot by Arttu Hyry.
2:13 of 2nd period - Shot Misses the Net.
2:15 of 2nd period - Slapshot by Ian Mitchell.
2:15 of 2nd period - Deflect By Arttu Hyry.
2:15 of 2nd period - Shot Blocked by Kaiden Guhle.
2:15 of 2nd period - Puck is out of play.
2:16 of 2nd period - Dylan Larkin wins face-off versus Nick Suzuki in Hartford Whalers zone.
2:43 of 2nd period - Pierre-Luc Dubois is hit by Juraj Slafkovsky and loses puck.
4:15 of 2nd period - Slapshot by Patrik Laine.
4:15 of 2nd period - Shot Blocked by Pierre-Luc Dubois.
4:21 of 2nd period - Drew O'Connor is hit by Jordan Kyrou and loses puck.
5:07 of 2nd period - Devon Toews is hit by Jake Evans and loses puck.
5:40 of 2nd period - Ryan Poehling is hit by Pierre-Luc Dubois and loses puck.
6:34 of 2nd period - Devon Toews is hit by Jeff Petry and loses puck.
6:57 of 2nd period - Wrist shot by Arttu Hyry.
6:57 of 2nd period - Goal by Arttu Hyry - Hartford Whalers : 2 - Montreal Canadiens : 2.
6:58 of 2nd period - Pierre-Luc Dubois wins face-off versus Brad Marchand in neutral zone.
7:25 of 2nd period - Brady Skjei is hit by Anthony Cirelli and loses puck.
7:48 of 2nd period - Wrist shot by Teddy Blueger.
7:48 of 2nd period - Shot Misses the Net.
7:50 of 2nd period - Slapshot by Ian Mitchell.
7:50 of 2nd period - Deflect By Tyson Foerster.
7:50 of 2nd period - Stopped by Samuel Montembeault without a rebound.
7:51 of 2nd period - Joshua Norris wins face-off versus Teddy Blueger in Hartford Whalers zone.
7:56 of 2nd period - Arttu Hyry is hit by Tyson Foerster and loses puck.
8:05 of 2nd period - Snap shot by Arttu Hyry.
8:05 of 2nd period - Shot Misses the Net.
8:07 of 2nd period - Slapshot by Damon Severson.
8:07 of 2nd period - Stopped by Samuel Montembeault with a rebound.
8:28 of 2nd period - Ilya Lyubushkin is hit by Tyson Foerster and loses puck.
8:35 of 2nd period - Slapshot by Joshua Norris.
8:35 of 2nd period - Stopped by Stuart Skinner with a rebound.
8:41 of 2nd period - Wrist shot by Joshua Norris.
8:41 of 2nd period - Shot Misses the Net.
8:43 of 2nd period - Slapshot by Simon Edvinsson.
8:43 of 2nd period - Shot Misses the Net.
8:45 of 2nd period - Snap shot by Seth Jones.
8:45 of 2nd period - Shot Misses the Net.
8:47 of 2nd period - Snap shot by Joshua Norris.
8:47 of 2nd period - Stopped by Stuart Skinner without a rebound.
8:48 of 2nd period - Sidney Crosby wins face-off versus Macklin Celebrini in Montreal Canadiens zone.
9:16 of 2nd period - Minor Penalty to Dylan Larkin for Cross-checking.
9:17 of 2nd period - Sidney Crosby wins face-off versus Ryan Poehling in Montreal Canadiens zone.
11:16 of 2nd period - Penalty to Dylan Larkin is over, Dylan Larkin is back on ice.
11:22 of 2nd period - Devon Toews is hit by Brad Marchand and loses puck.
11:58 of 2nd period - Wrist shot by Juraj Slafkovsky.
11:58 of 2nd period - Shot Blocked by Kaapo Kakko.
12:00 of 2nd period - Wrist shot by Macklin Celebrini.
12:00 of 2nd period - Shot Blocked by Kaiden Guhle.
12:02 of 2nd period - Wrist shot by Macklin Celebrini.
12:02 of 2nd period - Shot Misses the Net.
12:04 of 2nd period - Wrist shot by Macklin Celebrini.
12:04 of 2nd period - Stopped by Samuel Montembeault with a rebound.
12:06 of 2nd period - Slapshot by Ian Mitchell.
12:06 of 2nd period - Stopped by Samuel Montembeault without a rebound.
12:07 of 2nd period - Dylan Larkin wins face-off versus Tyson Foerster in Hartford Whalers zone.
12:08 of 2nd period - Snap shot by Martin Necas.
12:08 of 2nd period - Stopped by Samuel Montembeault with a rebound.
12:10 of 2nd period - Slapshot by Lane Hutson.
12:10 of 2nd period - Stopped by Samuel Montembeault with a rebound.
12:12 of 2nd period - Snap shot by Dylan Larkin.
12:12 of 2nd period - Shot Blocked by Jonathan Drouin.
12:14 of 2nd period - Slapshot by Brady Skjei.
12:14 of 2nd period - Stopped by Samuel Montembeault without a rebound.
12:15 of 2nd period - Joshua Norris wins face-off versus Martin Necas in Hartford Whalers zone.
12:15 of 2nd period - Joshua Norris is hit by Dylan Larkin.
12:21 of 2nd period - Slapshot by Seth Jones.
12:21 of 2nd period - Shot Blocked by Brady Skjei.
12:33 of 2nd period - Snap shot by Jake Evans.
12:33 of 2nd period - Stopped by Samuel Montembeault without a rebound.
12:34 of 2nd period - Nick Suzuki wins face-off versus Patrik Laine in Hartford Whalers zone.
12:34 of 2nd period - Nick Suzuki is hit by Jeff Petry.
12:37 of 2nd period - Minor Penalty to Kaiden Guhle for Interference.
12:38 of 2nd period - Nick Suzuki wins face-off versus Macklin Celebrini in Hartford Whalers zone.
12:45 of 2nd period - Off-side.
12:46 of 2nd period - Macklin Celebrini wins face-off versus Joshua Norris in neutral zone.
12:49 of 2nd period - Wrist shot by Macklin Celebrini.
12:49 of 2nd period - Shot Blocked by Seth Jones.
12:51 of 2nd period - Snap shot by Macklin Celebrini.
12:51 of 2nd period - Shot Blocked by Vladislav Gavrikov.
12:57 of 2nd period - Backhand shot by Martin Necas.
12:57 of 2nd period - Shot Blocked by Seth Jones.
12:59 of 2nd period - Wrist shot by Lane Hutson.
12:59 of 2nd period - Deflect By Martin Necas.
12:59 of 2nd period - Goal by Martin Necas - Hartford Whalers : 2 - Montreal Canadiens : 3.
13:00 of 2nd period - Sidney Crosby wins face-off versus Dylan Larkin in neutral zone.
13:35 of 2nd period - Slapshot by Dylan Guenther.
13:35 of 2nd period - Stopped by Stuart Skinner without a rebound.
13:36 of 2nd period - Sidney Crosby wins face-off versus Macklin Celebrini in Montreal Canadiens zone.
13:37 of 2nd period - Wrist shot by Jordan Kyrou.
13:37 of 2nd period - Shot Misses the Net.
13:39 of 2nd period - Slapshot by Jordan Kyrou.
13:39 of 2nd period - Stopped by Stuart Skinner with a rebound.
14:04 of 2nd period - Slapshot by Jonathan Drouin.
14:04 of 2nd period - Stopped by Stuart Skinner with a rebound.
15:08 of 2nd period - Juraj Slafkovsky is hit by Seth Jones and loses puck.
15:15 of 2nd period - Jordan Kyrou is hit by Juraj Slafkovsky and loses puck.
15:30 of 2nd period - Snap shot by Jonathan Drouin.
15:30 of 2nd period - Stopped by Stuart Skinner without a rebound.
15:31 of 2nd period - Ryan Poehling wins face-off versus Joshua Norris in Montreal Canadiens zone.
16:27 of 2nd period - Simon Edvinsson is hit by Damon Severson.
17:09 of 2nd period - Slapshot by Lane Hutson.
17:09 of 2nd period - Shot Misses the Net.
17:11 of 2nd period - Wrist shot by Evgeni Dadonov.
17:11 of 2nd period - Stopped by Samuel Montembeault without a rebound.
17:12 of 2nd period - Dylan Larkin wins face-off versus Nick Suzuki in Hartford Whalers zone.
17:19 of 2nd period - Snap shot by Dylan Larkin.
17:19 of 2nd period - Stopped by Samuel Montembeault without a rebound.
17:20 of 2nd period - Dylan Larkin wins face-off versus Nick Suzuki in Hartford Whalers zone.
18:21 of 2nd period - Snap shot by Anthony Cirelli.
18:21 of 2nd period - Goal by Anthony Cirelli - Hartford Whalers : 3 - Montreal Canadiens : 3.
18:22 of 2nd period - Sidney Crosby wins face-off versus Patrik Laine in neutral zone.
18:27 of 2nd period - Snap shot by Sidney Crosby.
18:27 of 2nd period - Stopped by Stuart Skinner with a rebound.
18:29 of 2nd period - Slapshot by Braden Schneider.
18:29 of 2nd period - Stopped by Stuart Skinner with a rebound.
18:31 of 2nd period - Snap shot by Pierre-Luc Dubois.
18:31 of 2nd period - Shot Blocked by Jeff Petry.
18:33 of 2nd period - Snap shot by Jordan Kyrou.
18:33 of 2nd period - Shot Misses the Net.
18:45 of 2nd period - Double Minor Penalty to Damon Severson for High sticking.
18:46 of 2nd period - Joshua Norris wins face-off versus Teddy Blueger in Montreal Canadiens zone.
18:51 of 2nd period - Slapshot by Joshua Norris.
18:51 of 2nd period - Shot Blocked by Jeff Petry.
18:53 of 2nd period - Slapshot by Jonathan Drouin.
18:53 of 2nd period - Shot Blocked by Jeff Petry.
18:55 of 2nd period - Slapshot by Jonathan Drouin.
18:55 of 2nd period - Shot Misses the Net.
18:57 of 2nd period - Slapshot by Jordan Kyrou.
18:57 of 2nd period - Hartford Whalers goal is going for a video replay.
18:57 of 2nd period - The goal is refused. The puck has been directed, batted or thrown into the net by an attacking player other than with a stick..
18:58 of 2nd period - Ryan Poehling wins face-off versus Sidney Crosby in Montreal Canadiens zone.
19:14 of 2nd period - Slapshot by Dylan Guenther.
19:14 of 2nd period - Shot Misses the Net.
19:45 of 2nd period - Icing by Seth Jones.
19:46 of 2nd period - Sidney Crosby wins face-off versus Ryan Poehling in Hartford Whalers zone.
Goals for this period are 1 for Hartford Whalers vs 2 for Montreal Canadiens.
Shots for this period are 11 for Hartford Whalers vs 12 for Montreal Canadiens.

3rd period


0:01 of 3rd period - Joshua Norris wins face-off versus Ryan Poehling in neutral zone.
0:08 of 3rd period - Wrist shot by Jordan Kyrou.
0:08 of 3rd period - Stopped by Stuart Skinner with a rebound.
0:12 of 3rd period - Slapshot by Joshua Norris.
0:12 of 3rd period - Stopped by Stuart Skinner with a rebound.
0:14 of 3rd period - Slapshot by Matthew Coronato.
0:14 of 3rd period - Stopped by Stuart Skinner without a rebound.
0:15 of 3rd period - Sidney Crosby wins face-off versus Teddy Blueger in Montreal Canadiens zone.
1:57 of 3rd period - Icing by Jonathan Drouin.
1:58 of 3rd period - Ryan Poehling wins face-off versus Sidney Crosby in Hartford Whalers zone.
2:45 of 3rd period - Penalty to Damon Severson is over, Damon Severson is back on ice.
3:33 of 3rd period - Minor Penalty to Ilya Lyubushkin for Holding.
3:34 of 3rd period - Sidney Crosby wins face-off versus Teddy Blueger in Montreal Canadiens zone.
4:03 of 3rd period - Icing by Joshua Norris.
4:04 of 3rd period - Ryan Poehling wins face-off versus Joshua Norris in Hartford Whalers zone.
4:33 of 3rd period - Slapshot by Lane Hutson.
4:33 of 3rd period - Stopped by Samuel Montembeault with a rebound.
5:33 of 3rd period - Penalty to Ilya Lyubushkin is over, Ilya Lyubushkin is back on ice.
6:00 of 3rd period - Backhand shot by Juraj Slafkovsky.
6:00 of 3rd period - Shot Blocked by Kaiden Guhle.
6:02 of 3rd period - Snap shot by Macklin Celebrini.
6:02 of 3rd period - Shot Blocked by Kaiden Guhle.
6:04 of 3rd period - Wrist shot by Macklin Celebrini.
6:04 of 3rd period - Shot Misses the Net.
6:06 of 3rd period - Slapshot by Ian Mitchell.
6:06 of 3rd period - Deflect By Juraj Slafkovsky.
6:06 of 3rd period - Shot Misses the Net.
6:06 of 3rd period - Puck is out of play.
6:07 of 3rd period - Macklin Celebrini wins face-off versus Matthew Coronato in Hartford Whalers zone.
6:12 of 3rd period - Wrist shot by Macklin Celebrini.
6:12 of 3rd period - Shot Misses the Net.
6:14 of 3rd period - Slapshot by Jeff Petry.
6:14 of 3rd period - Stopped by Samuel Montembeault with a rebound.
6:16 of 3rd period - Snap shot by Damon Severson.
6:16 of 3rd period - Shot Blocked by Anders Lee.
6:18 of 3rd period - Wrist shot by Juraj Slafkovsky.
6:18 of 3rd period - Goal by Juraj Slafkovsky - Hartford Whalers : 3 - Montreal Canadiens : 4.
6:19 of 3rd period - Sidney Crosby wins face-off versus Ryan Poehling in neutral zone.
6:32 of 3rd period - Wrist shot by Pierre-Luc Dubois.
6:32 of 3rd period - Shot Blocked by Lane Hutson.
6:34 of 3rd period - Slapshot by Jordan Kyrou.
6:34 of 3rd period - Stopped by Stuart Skinner without a rebound.
6:35 of 3rd period - Dylan Larkin wins face-off versus Nick Suzuki in Montreal Canadiens zone.
6:40 of 3rd period - Dylan Guenther is hit by Brady Skjei and loses puck.
6:41 of 3rd period - Dylan Guenther from Hartford Whalers is injured at 6:41 of 3rd period (Bruised Right Leg).
6:42 of 3rd period - Sidney Crosby wins face-off versus Ryan Poehling in Hartford Whalers zone.
6:49 of 3rd period - Slapshot by Lane Hutson.
6:49 of 3rd period - Stopped by Samuel Montembeault with a rebound.
6:51 of 3rd period - Slapshot by Drew O'Connor.
6:51 of 3rd period - Stopped by Samuel Montembeault with a rebound.
6:53 of 3rd period - Slapshot by Drew O'Connor.
6:53 of 3rd period - Deflect By Ryan Poehling.
6:53 of 3rd period - Deflect By Sidney Crosby.
6:53 of 3rd period - Stopped by Samuel Montembeault with a rebound.
6:55 of 3rd period - Wrist shot by Drew O'Connor.
6:55 of 3rd period - Stopped by Samuel Montembeault without a rebound.
6:56 of 3rd period - Nick Suzuki wins face-off versus Dylan Larkin in Hartford Whalers zone.
7:27 of 3rd period - Ryan Poehling is hit by Pierre-Luc Dubois and loses puck.
7:49 of 3rd period - Wrist shot by Juraj Slafkovsky.
7:49 of 3rd period - Shot Misses the Net.
7:51 of 3rd period - Snap shot by Macklin Celebrini.
7:51 of 3rd period - Stopped by Samuel Montembeault without a rebound.
7:52 of 3rd period - Dylan Larkin wins face-off versus Nick Suzuki in Hartford Whalers zone.
8:15 of 3rd period - Minor Penalty to Ilya Lyubushkin for Tripping.
8:16 of 3rd period - Joshua Norris wins face-off versus Ryan Poehling in Montreal Canadiens zone.
9:20 of 3rd period - Anders Lee is hit by Jeff Petry and loses puck.
9:48 of 3rd period - Brady Skjei is hit by Kaapo Kakko and loses puck.
10:15 of 3rd period - Penalty to Ilya Lyubushkin is over, Ilya Lyubushkin is back on ice.
10:22 of 3rd period - Jeff Petry is hit by Kaapo Kakko and loses puck.
10:49 of 3rd period - Anthony Cirelli is hit by Brad Marchand and loses puck.
11:44 of 3rd period - Nick Suzuki is hit by Damon Severson and loses puck.
12:10 of 3rd period - Minor Penalty to Simon Edvinsson for Hooking.
12:11 of 3rd period - Dylan Larkin wins face-off versus Joshua Norris in Hartford Whalers zone.
14:10 of 3rd period - Penalty to Simon Edvinsson is over, Simon Edvinsson is back on ice.
14:10 of 3rd period - Patrik Laine is hit by Devon Toews.
14:36 of 3rd period - Ilya Lyubushkin is hit by Anders Lee and loses puck.
14:49 of 3rd period - Snap shot by Jonathan Drouin.
14:49 of 3rd period - Shot Misses the Net.
17:25 of 3rd period - Off-side.
17:26 of 3rd period - Ryan Poehling wins face-off versus Nick Suzuki in neutral zone.
17:51 of 3rd period - Martin Necas is hit by Jonathan Drouin and loses puck.
18:15 of 3rd period - Icing by Macklin Celebrini.
18:16 of 3rd period - Nick Suzuki wins face-off versus Macklin Celebrini in Montreal Canadiens zone.
18:45 of 3rd period - Hartford Whalers, Samuel Montembeault is pulled from the net.
19:23 of 3rd period - Jake Evans is hit by Sidney Crosby.
19:29 of 3rd period - Nick Suzuki is hit by Jake Evans and loses puck.
Goals for this period are 0 for Hartford Whalers vs 1 for Montreal Canadiens.
Shots for this period are 4 for Hartford Whalers vs 8 for Montreal Canadiens.